 Dungeon Crawl Stone Soup version 0.31.0-11-ge490571c62 (webtiles) character file.

Game seed: 10796219479170306023

4205 Ashen the Covert (level 10, -2/57 (74) HPs)
             Began as a Gnoll Enchanter on Feb 7, 2024.
             Slain by a wight
             ... wielding a +6 war axe of freezing
              (4 damage)
             ... on level 8 of the Dungeon.
             The game lasted 00:20:41 (8143 turns).

Ashen the Covert (Gnoll Enchanter)                  Turns: 8143, Time: 00:20:42

HP:   -2/57 (74)    AC:  6    Str:  7    XL:     10   Next: 29%
MP:   18/21         EV: 16    Int: 14    God:
Gold: 391           SH:  0    Dex: 18    Spells: 12/23 levels left

rFire   + . .        a - +1 dagger
rCold   . . .        (no shield)
rNeg    . . .        b - +0 robe
rPois   .            p - +0 helmet
rElec   .            j - +0 cloak
rCorr   .            s - +0 pair of gloves
SInv    .            (no boots)
Will    .....        e - amulet of regeneration
Stlth   ++++         t - ring of protection from fire
HPRegen 1.09/turn    (no ring)
MPRegen 0.17/turn

%: no passive effects
@: confusing by touch, studying Axes, heavily drained
A: fangs 1, strong nose, distributed training
a: no special abilities


You were on level 8 of the Dungeon.
You visited 2 branches of the dungeon, and saw 9 of its levels.

You collected 391 gold pieces.

Inventory:

Hand Weapons
 a - a +1 dagger (weapon)
 y - a +4 vampiric trident
Armour
 b - a +0 robe (worn)
 j - a +0 cloak (worn)
 p - a +0 helmet (worn)
 s - a +0 pair of gloves (worn)
Jewellery
 e - an amulet of regeneration (around neck)
 t - a ring of protection from fire (left hand)
 z - a ring of protection from fire
 B - an amulet of faith
 C - a +5 ring of evasion
Wands
 m - a wand of roots (6)
 x - a wand of acid (9)
Scrolls
 d - 12 scrolls of identify {unknown}
 f - 2 scrolls of enchant weapon {unknown}
 g - 3 scrolls of teleportation {unknown}
 h - 4 scrolls of amnesia {unknown}
 o - 2 scrolls of fear {unknown}
 q - 2 scrolls of immolation {unknown}
 D - 2 scrolls of blinking {unknown}
 E - a scroll of poison {unknown}
Potions
 c - a potion of invisibility
 i - a potion of might {unknown}
 k - 4 potions of curing {unknown}
 l - a potion of enlightenment {unknown}
 n - 3 potions of attraction {unknown}
 r - 2 potions of lignification {unknown}
 u - a potion of haste {unknown}
 v - a potion of berserk rage {unknown}
 w - a potion of brilliance {unknown}
 A - a potion of magic {unknown}


   Skills:
 + Level 5.3 Fighting
 + Level 6.0 Short Blades
 + Level 5.3 Long Blades
 + Level 7.3 Axes
 + Level 5.3 Maces & Flails
 + Level 5.3 Polearms
 + Level 5.3 Staves
 + Level 5.3 Ranged Weapons
 + Level 5.3 Throwing
 + Level 5.3 Armour
 + Level 7.1 Dodging
 + Level 8.1 Stealth
 + Level 5.3 Shields
 + Level 5.3 Unarmed Combat
 + Level 7.4 Spellcasting
 + Level 4.4 Conjurations
 + Level 7.1 Hexes
 + Level 4.4 Summonings
 + Level 4.4 Necromancy
 + Level 4.4 Translocations
 + Level 4.4 Fire Magic
 + Level 4.4 Ice Magic
 + Level 4.4 Air Magic
 + Level 4.4 Earth Magic
 + Level 4.4 Alchemy
 + Level 5.9 Invocations
 + Level 5.3 Evocations
 + Level 4.8 Shapeshifting


You had 12 spell levels left.
You knew the following spells:

 Your Spells              Type           Power      Damage    Failure   Level
a - Ensorcelled Hibernat  Hex/Ice        42%        N/A       1%          2
b - Confusing Touch       Hex            25%        N/A       2%          3
c - Tukima's Dance        Hex            25%        N/A       2%          3
d - Dazzling Flash        Conj/Hex       42%        N/A       3%          3

Your spell library contained the following spells:

 Spells                   Type           Power      Damage    Failure   Level
 Apportation              Tloc           34%        N/A       2%          1
 Freeze                   Ice            68%        1d8       2%          1
 Kiss of Death            Conj/Necr      68%        2d10      2%          1
 Necrotise                Necr           68%        1d7       2%          1
 Sting                    Conj/Alch      68%        1d7       2%          1
 Summon Small Mammal      Summ           68%        N/A       2%          1
 Call Canine Familiar     Summ           17%        N/A       7%          3
 Frozen Ramparts          Ice            34%        1d6       7%          3
 Hailstorm                Conj/Ice       17%        3d6       7%          3
 Volatile Blastmotes      Fire/Tloc      34%        2d12      7%          3
 Brom's Barrelling Bould  Conj/Erth      17%        2d4       22%         4
 Dispel Undead            Necr           17%        3d10      22%         4
 Summon Blazeheart Golem  Fire/Summ      17%        N/A       22%         4
 Fireball                 Conj/Fire      8%         3d6       52%         5
 Iskenderun's Battlesphe  Conj           17%        2d7       52%         5
 Conjure Ball Lightning   Conj/Air       8%         3x3d6     98%         6
 Sculpt Simulacrum        Ice/Alch       8%         N/A       98%         6
 Starburst                Conj/Fire      8%         6d4       98%         6
 Orb of Destruction       Conj           8%         9d6       100%        7
 Ozocubu's Refrigeration  Ice            8%         4d9       100%        7
 Maxwell's Capacitive Co  Air            8%         ∞         100%        8
 Polar Vortex             Ice            8%         12d1*     100%        9


Dungeon Overview and Level Annotations

Branches:
Dungeon (8/15)             Temple (1/1) D:4
   Lair: D:8-11

Altars:
Ashenzari
Cheibriados
Dithmenos
Elyvilon
Fedhas
Gozag
Hepliaklqana
Kikubaaqudgha
Makhleb
Nemelex Xobeh
Okawaru
Qazlal
Ru
Sif Muna
Trog
Vehumet
Wu Jian
Xom
Yredelemnul
Zin
The Shining One

Annotations:
D:6 2 transporters, 1 exclusion, Grinder


Innate Abilities, Weirdness & Mutations

You have very sharp teeth.
Your uncanny sense of smell can sniff out nearby items.
Your experience applies equally to all skills.


Message History

Found a scale mail.
You now have 371 gold pieces (gained 9).
Found a shadowy altar of Dithmenos.
Found a blossoming altar of Fedhas.
Found a stone staircase leading up.
You now have 380 gold pieces (gained 9).
Found a shimmering blue altar of Sif Muna.
You see here the +9 sling of the Grave {freeze, rElec Str+4 Int-5 Dex+3}.
q - 2 scrolls labelled WUYLAURGH QUSAM (gained 1)
Found a stone staircase leading down.
E - a scroll labelled URUKARPH ISINI You now have 391 gold pieces (gained 11).
You see here a +0 scale mail.
A wight comes into view. It is wielding a +4 scimitar.
An orc, an orc priest and 2 wights come into view.
A wight is wielding a +6 war axe of freezing.
An orc wizard comes into view. It is wielding a +0 dagger.
Found a sacrificial altar of Ru.
A wight comes into view.
It is wielding a +3 morningstar of freezing.
The orc priest shouts!
The orc wizard shouts!
The orc shouts!
You hear a shout!
The wight hits you with a +6 war axe of freezing!
You feel drained. The wight freezes you.
An orc wizard comes into view. It is wielding a +0 dagger.
The wight attacks as it pursues you!
The wight hits you with a +6 war axe of freezing!
You feel drained. The wight freezes you.
The orc wizard gestures wildly while chanting.
The orc wizard flickers and vanishes!
Deactivating autopickup; reactivate with Ctrl-A.
Casting: Confusing Touch (dangerous; 2% risk of failure)
Confirm with . or Enter, or press ? or * to list all spells.
Your hands begin to glow red.
The orc priest invokes the aid of Beogh against you.
Beogh smites you!
The wight hits you with a +6 war axe of freezing!
* * * LOW HITPOINT WARNING * * *
You feel drained.
* * * LOW HITPOINT WARNING * * *
The wight freezes you.
You die...

###......#
###.
#≈#......#
.... #...
#≈#.###.##
#..## #...
#≈#.# #.# ..z.
#... ###.# #.#
#o{### #≈#...
#.###.# .z...
#≈####
#..##.####..##
#≈≈≈≈≈
##....##_.z..#
######
####.@##8..8#
##.z.oz.##
########


You could see 2 wights and an orc priest.

Vanquished Creatures
  Jeremiah (D:6)
  A hornet (D:7)
  A steam dragon (D:7)
  Edmund (D:4)
  2 ice beasts
  A sky beast (D:7)
  An orc warrior (D:6)
  4 ogres
  2 centaurs
  A kobold brigand (D:6)
  A phantom (D:7)
  5 bullfrogs
  2 scorpions
  7 wights
  6 bombardier beetles
  3 hounds
  A jelly (D:5)
  Crazy Yiuf (D:2)
  3 orc priests
  2 gnoll boudas
  A sleepcap (D:6)
  Terence (D:2)
  3 orc wizards
  Natasha (thrice) (D:2)
  3 iguanas
  Robin (D:4)
  6 gnolls
  5 adders
  A white imp (D:7)
  2 ufetubi (D:6)
  4 dart slugs
  A ribbon worm (D:5)
  30 orcs
  7 bats
  9 endoplasms
  13 goblins
  13 hobgoblins
  A jackal (D:3)
  3 quokkas
  11 ball pythons
  2 frilled lizards
  16 kobolds
  8 rats
190 creatures vanquished.

Vanquished Creatures (collateral kills)
  A two-headed ogre (D:8)
  A wight (D:7)
  An orc (D:8)
3 creatures vanquished.

Vanquished Creatures (others)
  2 dancing weapons (D:8)
2 creatures vanquished.

Grand Total: 195 creatures vanquished

Notes
Turn   | Place    | Note
-------+----------+-------------------------------------------
     0 | D:1      | Ashen the Gnoll Enchanter began the quest for the Orb.
     0 | D:1      | Reached XP level 1. HP: 13/13 MP: 6/6
   155 | D:1      | Reached XP level 2. HP: 18/19 MP: 7/7
   158 | D:1      | Learned a level 2 spell: Ensorcelled Hibernation
   451 | D:1      | Reached skill level 5 in Spellcasting
   451 | D:1      | Reached XP level 3. HP: 14/25 MP: 3/9
   462 | D:1      | HP: 1/25 [goblin/+0 club (2)]
   465 | D:1      | Reached skill level 6 in Stealth
   856 | D:2      | Reached skill level 1 in Invocations
   883 | D:2      | Noticed Natasha
   963 | D:1      | Learned a level 3 spell: Confusing Touch
   967 | D:1      | Learned a level 3 spell: Tukima's Dance
   971 | D:1      | Learned a level 3 spell: Dazzling Flash
   982 | D:2      | Killed Natasha
   983 | D:2      | Reached skill level 1 in Fighting
   983 | D:2      | Reached skill level 1 in Long Blades
   983 | D:2      | Reached skill level 1 in Axes
   983 | D:2      | Reached skill level 1 in Maces & Flails
   983 | D:2      | Reached skill level 1 in Polearms
   983 | D:2      | Reached skill level 1 in Staves
   983 | D:2      | Reached skill level 1 in Ranged Weapons
   983 | D:2      | Reached skill level 1 in Throwing
   983 | D:2      | Reached skill level 1 in Armour
   983 | D:2      | Reached skill level 1 in Shields
   983 | D:2      | Reached skill level 1 in Unarmed Combat
   983 | D:2      | Reached skill level 1 in Evocations
   983 | D:2      | Reached skill level 1 in Shapeshifting
   983 | D:2      | Reached XP level 4. HP: 17/32 MP: 6/11
  1073 | D:2      | Reached skill level 1 in Conjurations
  1073 | D:2      | Reached skill level 1 in Summonings
  1073 | D:2      | Reached skill level 1 in Necromancy
  1073 | D:2      | Reached skill level 1 in Translocations
  1073 | D:2      | Reached skill level 1 in Fire Magic
  1073 | D:2      | Reached skill level 1 in Ice Magic
  1073 | D:2      | Reached skill level 1 in Air Magic
  1073 | D:2      | Reached skill level 1 in Earth Magic
  1073 | D:2      | Reached skill level 1 in Alchemy
  1115 | D:2      | Noticed Natasha
  1129 | D:2      | Killed Natasha
  1129 | D:2      | Noticed Natasha
  1138 | D:2      | Killed Natasha
  1139 | D:2      | Reached XP level 5. HP: 37/37 MP: 4/12
  1472 | D:2      | Found a faded altar of an unknown god.
  1493 | D:2      | Found a snail-covered altar of Cheibriados.
  1510 | D:2      | Noticed Terence
  1514 | D:2      | Killed Terence
  1660 | D:2      | Found a runed translucent door.
  1661 | D:2      | Noticed Crazy Yiuf
  1834 | D:2      | Killed Crazy Yiuf
  2038 | D:3      | Reached XP level 6. HP: 37/44 MP: 10/13
  2242 | D:3      | Reached skill level 5 in Dodging
  3358 | D:4      | Noticed Robin
  3425 | D:3      | Reached XP level 7. HP: 38/50 MP: 15/15
  3523 | D:4      | Killed Robin
  3694 | D:4      | Found an ancient bone altar of Kikubaaqudgha.
  3811 | D:4      | Found a staircase to the Ecumenical Temple.
  3822 | Temple   | Entered the Ecumenical Temple
  3954 | D:4      | Noticed Edmund
  3963 | D:4      | Killed Edmund
  4295 | D:4      | Reached XP level 8. HP: 58/58 MP: 13/16
  4474 | D:5      | Entered Level 5 of the Dungeon
  4967 | D:5      | Reached skill level 7 in Stealth
  5066 | D:5      | Found a snail-covered altar of Cheibriados.
  5652 | D:6      | Found a transporter.
  5655 | D:6      | Noticed Grinder
  5712 | D:6      | Found a transporter.
  5720 | D:6      | Noticed a kobold demonologist
  5722 | D:6      | Reached skill level 5 in Axes
  5767 | D:6      | Reached XP level 9. HP: 58/65 MP: 0/18
  6133 | D:6      | Noticed Jeremiah
  6256 | D:6      | Killed Jeremiah
  6257 | D:6      | Reached skill level 5 in Short Blades
  6878 | D:7      | Reached skill level 5 in Invocations
  7015 | D:7      | Noticed a hornet
  7018 | D:7      | Killed a hornet
  7667 | D:8      | Noticed a two-headed ogre
  7670 | D:8      | Reached skill level 5 in Fighting
  7670 | D:8      | Reached skill level 5 in Long Blades
  7670 | D:8      | Reached skill level 5 in Maces & Flails
  7670 | D:8      | Reached skill level 5 in Polearms
  7670 | D:8      | Reached skill level 5 in Staves
  7670 | D:8      | Reached skill level 5 in Ranged Weapons
  7670 | D:8      | Reached skill level 5 in Throwing
  7670 | D:8      | Reached skill level 5 in Armour
  7670 | D:8      | Reached skill level 5 in Shields
  7670 | D:8      | Reached skill level 5 in Unarmed Combat
  7670 | D:8      | Reached skill level 5 in Evocations
  7670 | D:8      | Reached XP level 10. HP: 72/74 MP: 15/20
  7694 | D:8      | Killed a two-headed ogre
  7695 | D:8      | Reached skill level 8 in Stealth
  7982 | D:8      | Found a glowing golden altar of the Shining One.
  8002 | D:8      | Found a shadowy altar of Dithmenos.
  8006 | D:8      | Found a blossoming altar of Fedhas.
  8011 | D:8      | Found a shimmering blue altar of Sif Muna.
  8012 | D:8      | Identified the +9 sling of the Grave {freeze, rElec Str+4
                  | Int-5 Dex+3}
  8137 | D:8      | Found a sacrificial altar of Ru.
  8143 | D:8      | HP: 2/57 [wight/+6 war axe of freezing (8)]
  8143 | D:8      | Slain by a wight

Illustrated notes

Levels and vault maps discovered:
D:1:      saegor_arrival_miasma, layout_basic, hangedman_decor_slide_cut,
          nicolae_concentric_dashed_squares_mild, minmay_ruptured
D:2:      layout_rooms, dreamdust_ecumenical_altar_hidden_monk_grotto,
          basic_altar, uniq_natasha, uniq_crazy_yiuf_cottage, uniq_terence
D:3:      minmay_octagon_keep, layout_rooms, palyth_stone_intersect,
          kennysheep_minor_cross, hangedman_decor_push
D:4:      layout_gridville, nicolae_overflow_crystal_walls,
          minmay_temple_entry_gardened_gates, minmay_misc_feat_diagonals,
          uniq_robin, uniq_edmund
D:5:      layout_loops_ring, chei_slow_surprise
D:6:      gammafunk_wand_slinger, layout_cave_pools, dk_noncrumbling_2,
          due_unseen_surprise, uniq_jeremiah, uniq_grinder
D:7:      layout_gridville
D:8:      layout_basic, nicolae_overflow_macrodata_refinement, minitemple,
          serial_aquarium, aquarium_bridge_straight [aquarium_subvault_bridge,
          aquarium_subvault_window, aquarium_subvault_bridge,
          aquarium_subvault_balcony], aquarium_bridge_straight
          [aquarium_subvault_bridge, aquarium_subvault_window,
          aquarium_subvault_bridge, aquarium_subvault_window],
          aquarium_window_1, aquarium_window_corner, aquarium_window_1,
          aquarium_window_2, aquarium_view_2d, aquarium_balcony_5a,
          aquarium_pool_side, serial_bayou_pond_b, uniq_maggie
Temple:   dpeg_chambers_temple

Skill      XL: |  1  2  3  4  5  6  7  8  9 10 |
---------------+-------------------------------+-----
Spellcasting   | 5 6 7 |  7.4
Stealth        | 6 7 8 |  8.1
Invocations    | 1 2 3 4 5 |  5.9
Fighting       | 1 2 3 5 |  5.3
Long Blades    | 1 2 3 5 |  5.3
Axes           | 1 2 3 5 6 7 |  7.3
Maces & Flails | 1 2 3 5 |  5.3
Polearms       | 1 2 3 5 |  5.3
Staves         | 1 2 3 5 |  5.3
Ranged Weapons | 1 2 3 5 |  5.3
Throwing       | 1 2 3 5 |  5.3
Armour         | 1 2 3 5 |  5.3
Shields        | 1 2 3 5 |  5.3
Unarmed Combat | 1 2 3 5 |  5.3
Evocations     | 1 2 3 5 |  5.3
Shapeshifting  | 1 2 3 4 |  4.8
Conjurations   | 1 2 3 4 |  4.4
Summonings     | 1 2 3 4 |  4.4
Necromancy     | 1 2 3 4 |  4.4
Translocations | 1 2 3 4 |  4.4
Fire Magic     | 1 2 3 4 |  4.4
Ice Magic      | 1 2 3 4 |  4.4
Air Magic      | 1 2 3 4 |  4.4
Earth Magic    | 1 2 3 4 |  4.4
Alchemy        | 1 2 3 4 |  4.4
Short Blades   | 3 4 5 6 |  6.0
Dodging        | 5 6 7 |  7.1
Hexes          | 6 7 |  7.1

Action                     |  1- 3 |  4- 6 |  7- 9 | 10-12 || total
---------------------------+-------+-------+-------+-------++-------
  Melee: Dagger            |    85 |   121 |   264 |    36 ||   506
         Bite              |     3 |    11 |    26 |     7 ||    47
         Punch             |       |     5 |     8 |     2 ||    15
         Trident           |       |       |     1 |       ||     1
   Cast: Ensorcelled Hiber |    14 |    49 |    74 |     2 ||   139
         Tukima's Dance    |       |       |     3 |     4 ||     7
         Dazzling Flash    |       |       |     9 |     2 ||    11
         Confusing Touch   |       |       |     7 |     3 ||    10
    Use: Potion            |       |       |       |     1 ||     1
   Stab: Sleeping          |    12 |    39 |    59 |     1 ||   111
         Distracted        |     3 |       |       |     1 ||     4
         Confused          |       |       |     6 |     1 ||     7
         Invisible         |       |       |     9 |     4 ||    13
 Armour: Robe              |    42 |    65 |   125 |    19 ||   251
  Dodge: Dodged            |    54 |   124 |   173 |    33 ||   384
